 Dungeon Crawl Stone Soup version 0.29.0-13-gc9e81de378 (webtiles) character file.

Game seed: 12690046183935490655

355 styxcanada the Covert (level 6, -2/32 HPs)
             Began as a Spriggan Brigand on Sept 8, 2022.
             Was an Initiate of Gozag.
             Killed by divine providence
             ... invoked by an orc priest
              (12 damage)
             ... on level 5 of the Dungeon.
             The game lasted 00:19:22 (5309 turns).

styxcanada the Covert (Spriggan Brigand)            Turns: 5309, Time: 00:19:25

Health: -2/32      AC:  3    Str:  7    XL:     6   Next: 36%
Magic:  7/7        EV: 18    Int: 12    God:    Gozag
Gold:   107        SH:  0    Dex: 19    Spells: 5/5 levels left

rFire   . . .      SeeInvis +   a - +2 dagger
rCold   . . .      Faith    .   (no shield)
rNeg    . . .      Spirit   .   b - +0 robe
rPois   .          Reflect  .   (helmet restricted)
rElec   .          Harm     .   c - +0 cloak
rCorr   .          Rampage  .   (gloves unavailable)
Will    +....                   (boots unavailable)
Stlth   ++++......              (no amulet)
HPRegen 0.10/turn               (no ring)
MPRegen 0.10/turn               (no ring)

@: gold aura, very quick
A: very small, no large weapons, unfitting armour, see invisible, speed 3
a: Renounce Religion, Potion Petition, Call Merchant, Bribe Branch


You were on level 5 of the Dungeon.
You worshipped Gozag.
Gozag was aware of your devotion.
You visited 2 branches of the dungeon, and saw 6 of its levels.

You collected 155 gold pieces.
You paid 48 gold pieces to Gozag.

Inventory:

Hand Weapons
 a - a +2 dagger (weapon)
 g - a +2 hand axe of freezing
 n - a +2 mace of protection
 r - a +0 sling
Missiles
 d - a poisoned dart (quivered)
 e - 3 curare-tipped darts
 h - 50 stones
 k - 4 datura-tipped darts
Armour
 b - a +0 robe (worn)
 c - a +0 cloak (worn)
Wands
 w - a wand of acid (12)
Scrolls
 i - 6 scrolls of identify {unknown}
 o - a scroll of poison {unknown}
 q - 2 scrolls of teleportation {unknown}
 u - a scroll of amnesia {unknown}
Potions
 f - 6 potions of heal wounds {unknown}
 j - 2 potions of flight {unknown}
 l - 2 potions of haste {unknown}
 m - 2 potions of mutation {unknown}
 p - a potion of resistance {unknown}
 s - a potion of brilliance {unknown}
 t - 2 potions of lignification {unknown}
 v - a potion of attraction {unknown}


   Skills:
 * Level 2.4 Fighting
 + Level 3.4 Short Blades
 + Level 2.0 Ranged Weapons
 + Level 2.7 Throwing
 * Level 3.3 Dodging
 * Level 8.5 Stealth


You had 5 spell levels left.
You didn't know any spells.
Your spell library was empty.

Dungeon Overview and Level Annotations

Branches:
Dungeon (5/15)             Temple (1/1) D:5

Altars:
Cheibriados
Dithmenos
Elyvilon
Fedhas
Gozag
Hepliaklqana
Kikubaaqudgha
Makhleb
Nemelex Xobeh
Okawaru
Ru
Sif Muna
Uskayaw
Vehumet
Wu Jian
Xom
Yredelemnul
The Shining One

Shops:
D:2 [


Innate Abilities, Weirdness & Mutations

You are very small and have problems with some larger weapons.
You are too small for most types of armour.
You have supernaturally acute eyesight. (SInv)
You cover ground extremely quickly. (Speed+++)


Message History

The orc priest looks even sicker.
Unknown command.
Throw: 3 darts (poison)
Press: ? - help, Q - select action, (/) - cycle Shift-Dir - straight line, f/p - orc priest
Aim: an orc priest, wielding a +0 club (very poisoned, 63% to hit)
You throw a poisoned dart. The poisoned dart hits the orc priest.
The orc priest looks even sicker.
An orc comes into view.
It is wielding a +1 whip of electrocution.
The orc priest calls down the wrath of Beogh upon you.
You resist with significant effort.
There are monsters nearby!
Throw: 2 darts (poison)
Press: ? - help, Q - select action, (/) - cycle Shift-Dir - straight line, f/p - orc priest
Aim: an orc priest, wielding a +0 club (very poisoned, 63% to hit)
You throw a poisoned dart. The poisoned dart hits the orc.
The orc looks even sicker.
The orc is severely wounded.
The orc shouts!
An orc comes into view. It is wielding a +0 whip.
You hit the orc but do no damage.
The orc is severely wounded.
A hound comes into view.
The orc priest mumbles some strange prayers to Beogh against you.
Beogh smites you! The orc completely misses you.
An orc priest comes into view. It is wielding a +0 hand axe.
The orc priest shouts!
You hit the orc.
You kill the orc!
The orc priest invokes the aid of Beogh against you.
Pain shoots through your body!
You barely miss the orc priest.
The orc priest is moderately wounded.
The orc priest hits you with a +0 club.
You barely miss the orc priest.
The orc priest is heavily wounded.
The orc priest hits you with a +0 club.
The orc priest mumbles some strange prayers to Beogh against you.
Beogh smites you!
You die...
Your body crumbles into a pile of gold.

#...#####............###...
###.....#..#...........# #...
#...#....[.##............#..#
#...##..##............##...##
#..####.....#.#.......##....
#..###........#........##...
#...#...###...# ... #......##
#...# ..# ##......# #$@.#
#####..# #.o....# ####
#ho##.## ..o. ..# ..(..# ...
...(o## ... ......# .
#.......


You could see a hound, 2 orc priests and 2 orcs.

Vanquished Creatures
  A necrophage (D:4)
  2 scorpions
  An iguana (D:5)
  Terence (D:2)
  4 adders
  A worm (D:3)
  5 dart slugs
  10 orcs
  3 endoplasms
  4 goblins
  3 hobgoblins
  9 jackals
  4 quokkas
  7 ball pythons
  6 bats
  3 frilled lizards (D:1)
  7 kobolds
  3 rats
74 creatures vanquished.

Vanquished Creatures (collateral kills)
  An orc (D:5)
1 creature vanquished.

Grand Total: 75 creatures vanquished

Notes
Turn   | Place    | Note
-------+----------+-------------------------------------------
     0 | D:1      | styxcanada the Spriggan Brigand began the quest for the
                  | Orb.
     0 | D:1      | Reached XP level 1. HP: 10/10 MP: 2/2
    39 | D:1      | Reached skill level 6 in Stealth
   105 | D:1      | Reached XP level 2. HP: 15/15 MP: 3/3
   855 | D:2      | Noticed Terence
   859 | D:2      | Killed Terence
   860 | D:2      | Reached skill level 7 in Stealth
   860 | D:2      | Reached XP level 3. HP: 18/18 MP: 4/4
  1066 | D:2      | Found Wyvath's Armour Shop.
  1499 | D:2      | Reached XP level 4. HP: 23/23 MP: 5/5
  1915 | D:3      | Found a burning altar of Makhleb.
  2395 | D:3      | Found a hazy altar of Hepliaklqana.
  3071 | D:4      | Reached skill level 8 in Stealth
  3295 | D:4      | Noticed a necrophage
  4170 | D:4      | Killed a necrophage
  4171 | D:4      | Reached XP level 5. HP: 22/26 MP: 6/6
  4263 | D:4      | Found an ornate altar of the Wu Jian Council.
  4263 | D:4      | Found a sparkling altar of Nemelex Xobeh.
  4505 | D:5      | Entered Level 5 of the Dungeon
  4516 | D:4      | Reached skill level 1 in Ranged Weapons
  4618 | D:5      | Reached XP level 6. HP: 8/31 MP: 7/7
  5183 | D:5      | Found a staircase to the Ecumenical Temple.
  5192 | Temple   | Entered the Ecumenical Temple
  5237 | Temple   | Became a worshipper of Gozag Ym Sagoz the Greedy
  5309 | D:5      | Killed from afar by an orc priest

Illustrated notes

Levels and vault maps discovered:
D:1:      psy_arrival_statuary, layout_basic, kennysheep_small_spiral
D:2:      layout_basic, serial_shops, nicolae_shop_trees, uniq_terence
D:3:      layout_rooms, overflow_temple_1_default, lemuel_crystal_altar,
          chequers_hall_statues_wall_a
D:4:      layout_basic, gammafunk_temple_overflow_statue
D:5:      layout_cave_pools, minmay_temple_entry_poolview,
          nicolae_zen_rock_garden, nicolae_underground_beach,
          uniq_crazy_yiuf_cottage
Temple:   compressed_dpeg_triangle_lava_temple

Skill      XL: |  1  2  3  4  5  6 |
---------------+-------------------+-----
Stealth        | 6 7 8 |  8.5
Dodging        | 2 3 |  3.3
Short Blades   | 3 |  3.4
Fighting       | 2 |  2.4
Ranged Weapons | 1 2 |  2.0
Throwing       | |  2.7

Action                   |  1- 3 |  4- 6 || total
-------------------------+-------+-------++-------
Melee: Dagger            |    92 |   133 ||   225
       Punch             |       |     1 ||     1
 Fire: Sling             |       |    22 ||    22
Throw: Dart              |     6 |    48 ||    54
       Stone             |       |     3 ||     3
 Stab: Sleeping          |    11 |     5 ||    16
       Distracted        |       |     1 ||     1
Armor: Robe              |     4 |    17 ||    21
Dodge: Dodged            |    63 |   103 ||   166
